AoeStats
← GPA_PureViolence

Arena

510146935Analyzed
4v4 RM · 2d ago on Sep 29, 2026· 31m 1s· 8 players
Game mode
Random Map
Map size
Large (8 player)
Population
200
Speed
Normal
Resources
Standard
Victory
Conquest
Starting age
Dark Age
Ending age
Imperial Age
RankedLock teamsTeams togetherTeam positionsShared explorationLock speedFull tech treeHidden civsTurbo modeCheats
Victory
Defeat
🇹🇷 Cumans · Türkiye
1619
+8
🇹🇷 Armenians · Türkiye
1602
+9
🇹🇷 Sicilians · Türkiye
1406
+16
🇹🇷 Vikings · Türkiye
1360
+18
🇹🇷 Aztecs · Türkiye
1451
-14
🇵🇪 Huns · Peru
1421
-13
🇧🇷 Franks · Brazil
1409
-12
🇫🇷 Bohemians · France
1397
-12
Apep
11:07 Feudal Age
12:11 Horse Collar
15:41 Castle Age
14:05 Double-Bit Axe
17:17 Bow Saw
22:37 Wheelbarrow
N4Th-.-
4:41 Loom
10:04 Feudal Age
8:25 Loom
11:35 Loom
14:07 Castle Age
12:42 Double-Bit Axe
16:12 Fervor
17:27 Horse Collar
18:56 Heavy Plow
19:10 Bow Saw
19:12 Heavy Plow
22:18 Wheelbarrow
25:54 Hand Cart
29:38 Imperial Age
28:10 Padded Archer Armor
28:19 Wagenburg Tactics
29:42 Chemistry
29:28 Leather Archer Armor
Fs.Emmanuel
9:37 Feudal Age
14:05 Castle Age
14:47 Double-Bit Axe
22:36 Scale Barding Armor
24:31 Forging
28:18 Wheelbarrow
28:46 Gold Mining
aq.gjoel
10:28 Feudal Age
11:26 Loom
16:03 Castle Age
GPA_Unreal
5:53 Loom
8:21 Feudal Age
8:57 Double-Bit Axe
18:52 Horse Collar
26:58 Wheelbarrow
30:13 Castle Age
28:46 Gold Mining
29:32 Forging
29:27 Scale Barding Armor
30:58 Bloodlines
30:45 Capped Ram
32:02 Iron Casting
31:47 Chain Barding Armor
GPA_PureViolence
10:10 Feudal Age
10:35 Man-at-Arms
12:03 Long Swordsman
19:37 Pikeman
20:49 Scale Mail Armor
21:21 Double-Bit Axe
23:49 Horse Collar
28:27 Castle Age
28:21 Forging
29:03 Two-Handed Swordsman
29:46 Squires
29:33 Gambesons
GPA_Heimdallr
12:31 Feudal Age
17:22 Castle Age
15:10 Double-Bit Axe
15:19 Horse Collar
15:49 Scale Mail Armor
15:55 Gold Mining
16:08 Arson
16:26 Stone Mining
16:58 Loom
17:28 Forging
20:01 Squires
19:56 Arson
23:35 Chain Mail Armor
25:10 Iron Casting
25:57 Chieftains
31:00 Bow Saw
33:43 Imperial Age
GPA_PisagorAmca
11:17 Feudal Age
14:55 Castle Age
12:54 Double-Bit Axe
13:38 Loom
15:52 Bow Saw
15:45 Scale Mail Armor
16:09 Loom
Connection lost

Rejoining the realm…

Still unreachable

The connection could not be restored.

Session expired

The server has moved on; the page needs a fresh start.